 Dungeon Crawl Stone Soup version 0.28-a0-1624-g820543e53a (webtiles) character file.

Game seed: 4221368161155031853

1923 timneilson the Covered (level 9, 0/54 HPs)
             Began as a Gargoyle Fighter on Jan 23, 2022.
             Slain by a manticore (2 damage)
             ... on level 7 of the Dungeon.
             The game lasted 00:10:30 (6934 turns).

timneilson the Covered (Gargoyle Fighter)           Turns: 6934, Time: 00:10:30

Health: 0/54       AC: 21    Str: 25    XL:     9   Next: 17%
Magic:  9/9        EV:  9    Int:  8    God:
Gold:   252        SH:  5    Dex:  9    Spells: 8/8 levels left

rFire   . . .      SeeInvis .   a - +1 long sword
rCold   . . .      Faith    .   c - +0 buckler
rNeg    + . .      Spirit   .   f - +0 chain mail
rPois   ∞          Reflect  .   p - +0 hat
rElec   +          Harm     .   s - +1 cloak
rCorr   .          Rampage  .   (no gloves)
Will    +....                   m - +1 pair of boots
Stlth   ..........              (no amulet)
HPRegen 0.18/turn               v - ring of willpower
MPRegen 0.11/turn               (no ring)

@: no status effects
A: sickness immunity, AC +6, negative energy resistance 1, electricity
resistance, torment resistance 1, petrification resistance
a: no special abilities


You were on level 7 of the Dungeon.
You visited 1 branch of the dungeon, and saw 7 of its levels.

You collected 252 gold pieces.

Inventory:

Hand Weapons
 a - a +1 long sword (weapon)
Armour
 c - a +0 buckler (worn)
 f - a +0 chain mail (worn)
 m - a +1 pair of boots (worn)
 p - a +0 hat (worn)
 s - a +1 cloak (worn)
Jewellery
 v - a ring of willpower (left hand)
Wands
 e - a wand of acid (7)
 i - a wand of flame (3)
 j - a wand of mindburst (15)
Scrolls
 k - a scroll of enchant weapon
 l - a scroll of blinking
 n - a scroll of fear
 r - 3 scrolls of teleportation
 u - a scroll of summoning
Potions
 b - 3 potions of brilliance
 d - a potion of flight
 g - 2 potions of curing
 h - 2 potions of lignification
 o - a potion of invisibility {unknown}


   Skills:
 + Level 5.3 Fighting
 * Level 5.3 Long Blades
 * Level 7.0 Armour
 + Level 3.0 Dodging
 * Level 6.9 Shields
 + Level 2.7 Evocations


You had 8 spell levels left.
You didn't know any spells.
Your spell library contained the following spells:

 Spells                   Type           Power      Damage    Failure   Level
 Animate Skeleton         Necr           0%         N/A       97%         1
 Pain                     Necr           0%         1d4       97%         1
 Shock                    Conj/Air       0%         1d3       97%         1
 Slow                     Hex            0%         N/A       97%         1
 Ensorcelled Hibernation  Hex/Ice        0%         N/A       99%         2
 Passwall                 Tmut/Erth      0%         N/A       99%         2
 Confusing Touch          Hex            0%         N/A       100%        3
 Swiftness                Air            0%         N/A       100%        3
 Vampiric Draining        Necr           0%         2d6       100%        3
 Airstrike                Air            0%         N/A       100%        4
 Yara's Violent Unravell  Hex/Tmut       0%         3d3       100%        5
 Enfeeble                 Hex            0%         N/A       100%        7


Dungeon Overview and Level Annotations

Branches:
Dungeon (7/15)
 Temple: D:4-7

Altars:
Ashenzari
Elyvilon
Hepliaklqana
Wu Jian
Xom
Yredelemnul
The Shining One

Shops:
D:6 *


Innate Abilities, Weirdness & Mutations

You are immune to sickness and miasma.
Your stone body is resilient. (AC +6)
You are immune to poison.
You resist negative energy. (rN+)
You are resistant to electric shocks. (rElec)
You are resistant to unholy torment.
You are immune to petrification.


Message History

The manticore claws you but does no damage. x2
The troll bites you but does no damage. The troll completely misses you.
The troll claws you.
* * * LOW HITPOINT WARNING * * *
You barely miss the manticore.
The manticore is heavily wounded.
The manticore barely misses you.
The manticore claws you but does no damage.
The manticore barely misses you. The troll bites you but does no damage.
The troll claws you but does no damage. x2
Unknown command.
You hit the manticore.
The manticore is heavily wounded.
You block the manticore's attack.
The manticore claws you but does no damage. x2
The troll barely misses you. The troll closely misses you.
The troll barely misses you.
The manticore bites you but does no damage.
You block the manticore's attack.
The manticore claws you but does no damage.
You closely miss the manticore.
The manticore is heavily wounded.
You block the troll's attack. The troll claws you but does no damage.
The troll barely misses you.
The manticore bites you but does no damage.
You block the manticore's attack. The manticore claws you!
* * * LOW HITPOINT WARNING * * *
You hit the manticore but do no damage.
The manticore is heavily wounded.
You block the troll's attack. The troll barely misses you.
The troll claws you but does no damage.
The manticore bites you but does no damage.
The manticore barely misses you. The manticore claws you.
* * * LOW HITPOINT WARNING * * *
The troll bites you but does no damage. The troll claws you but does no damage.
The troll barely misses you.
You hit the manticore.
The manticore is heavily wounded.
The manticore bites you.
You die...

###### ..... #.#..# ..
#.|#..###....##.#..##..
.......###...#..>.....
#.#.#.#.###...#...#.#
#..#.#.#.####....<..#
#.H........'##.....#
#.#o#o#.####.......#
##T#H#.###.........#
#..@.###......##....
#..### ....####..## ###
..###....... ..
#.##.... #.#.....
#.#...## #.##...
#.##.### #.##..


You could see a manticore, a troll and an orc wizard.

Vanquished Creatures
  Pikel (D:5)
  A kobold demonologist (D:6)
  An ice beast (D:5)
  2 centaurs
  A lemure (D:5)
  2 kobold brigands
  A bullfrog (D:6)
  A wyvern zombie (D:6)
  A wyvern skeleton (D:6)
  2 bullfrog zombies (D:6)
  2 bullfrog skeletons (D:6)
  A centaur skeleton (D:6)
  3 hounds
  A jelly (D:4)
  2 iguanas
  Ijyb (D:5)
  2 orc wizards
  A hound zombie (D:5)
  5 adders
  An ufetubus (D:5)
  2 worms
  2 adder skeletons (D:4)
  3 dart slugs
  19 orcs
  6 ball pythons
  8 endoplasms
  3 giant cockroaches
  11 goblins
  5 hobgoblins
  2 jackals (D:5)
  5 quokkas
  5 bats
  15 kobolds
  A rat (D:1)
  A spectral orc (D:3)
120 creatures vanquished.

Notes
Turn   | Place    | Note
-------+----------+-------------------------------------------
     0 | D:1      | timneilson the Gargoyle Fighter began the quest for the
                  | Orb.
     0 | D:1      | Reached XP level 1. HP: 14/14 MP: 1/1
    89 | D:1      | Reached XP level 2. HP: 14/19 MP: 2/2
   836 | D:1      | Reached XP level 3. HP: 23/23 MP: 3/3
  1597 | D:2      | Found a faded altar of an unknown god.
  2203 | D:3      | Reached XP level 4. HP: 28/28 MP: 4/4
  2410 | D:3      | Reached skill level 4 in Armour
  2416 | D:3      | Noticed a centaur
  2426 | D:3      | Killed a centaur
  2427 | D:3      | Reached skill level 1 in Dodging
  2427 | D:3      | Reached XP level 5. HP: 27/33 MP: 5/5
  2500 | D:3      | Found a basalt altar of Yredelemnul.
  2520 | D:3      | Found a hazy altar of Hepliaklqana.
  2942 | D:3      | Found a white marble altar of Elyvilon.
  2971 | D:3      | Found a broken altar of Ashenzari.
  3400 | D:4      | Reached XP level 6. HP: 37/38 MP: 6/6
  3899 | D:5      | Entered Level 5 of the Dungeon
  4474 | D:5      | Noticed Pikel
  4514 | D:5      | Killed Pikel
  4515 | D:5      | Reached skill level 5 in Armour
  4515 | D:5      | Reached skill level 5 in Shields
  4515 | D:5      | Reached skill level 1 in Evocations
  4515 | D:5      | Reached XP level 7. HP: 33/44 MP: 7/7
  4515 | D:5      | Reached XP level 8. HP: 36/48 MP: 8/8
  4565 | D:5      | Noticed Ijyb
  4569 | D:5      | Killed Ijyb
  4944 | D:6      | Found Ozuchamu's Assorted Antiques.
  4965 | D:6      | Noticed a kobold demonologist
  4973 | D:6      | Noticed a rust devil
  4996 | D:6      | Noticed an orange demon
  5000 | D:6      | Noticed an orange demon
  5001 | D:6      | Killed a kobold demonologist
  5002 | D:6      | Reached skill level 6 in Armour
  5362 | D:6      | Found a shimmering altar of Xom.
  5374 | D:6      | Reached skill level 5 in Fighting
  5630 | D:6      | Reached skill level 5 in Long Blades
  6183 | D:6      | Reached XP level 9. HP: 54/54 MP: 9/9
  6227 | D:6      | Found a glowing golden altar of the Shining One.
  6367 | D:6      | Found an ornate altar of the Wu Jian Council.
  6840 | D:7      | Reached skill level 7 in Armour
  6868 | D:7      | Identified the +3 ring mail "Wosep" {rPois rC+ Int-5}
  6915 | D:7      | Noticed a troll
  6919 | D:7      | Noticed a manticore
  6932 | D:7      | HP: 2/54 [manticore (10)]
  6934 | D:7      | Slain by a manticore

Illustrated notes

Levels and vault maps discovered:
D:1:      amcnicky_arrival_feature_with_door, layout_basic,
          hangedman_abyss_or_decor_lesser_grid
D:2:      kennysheep_the_goblin_king, layout_loops_ring,
          dilly_ecumenical_altar_fadedgnrine, corexii_shack
D:3:      layout_loops_ring, general_overflow_altar,
          yredelemnul_forgotten_temple_becter, mainiacjoe_overflow_two_lobes
D:4:      layout_rooms
D:5:      layout_basic, uniq_ijyb, uniq_pikel
D:6:      layout_layer_cave, nzn_wu_jian_contemplation, lemuel_crystal_altar,
          mainiacjoe_overflow_concentric_impassable, serial_shops, shop
D:7:      minmay_the_grid_four_pointed_star
          [minmay_the_grid_triangle_9x9_zippers_vertical,
          minmay_the_grid_triangle_9x9_semitri,
          minmay_the_grid_triangle_9x9_intruding_spiral,
          minmay_the_grid_triangle_9x9_sparse_checkered,
          minmay_the_grid_prize_four_corners_diamond_a], layout_basic,
          kennysheep_little_box, minmay_temple_entry_mini_moons, serial_shops,
          nicolae_shop_window_shopping, lightli_ossuary_entry_decrepit_ruins,
          grunt_ministairs_11, amcnicky_mini_corridor_feature

Skill      XL: |  1  2  3  4  5  6  7  8  9 |
---------------+----------------------------+-----
Long Blades    | 2 3 4 5 |  5.3
Armour         | 4 5 6 7 |  7.0
Dodging        | 1 2 3 |  3.0
Shields        | 4 5 6 |  6.9
Fighting       | 4 5 |  5.3
Evocations     | 1 2 |  2.7

Action                   |  1- 3 |  4- 6 |  7- 9 || total
-------------------------+-------+-------+-------++-------
Melee: Long sword        |   137 |   173 |   208 ||   518
  Use: Scroll            |     1 |     7 |     7 ||    15
       Potion            |       |     3 |     1 ||     4
Armor: Scale mail        |    14 |       |       ||    14
       Chain mail        |    72 |   178 |   190 ||   440
Dodge: Dodged            |    50 |    69 |   116 ||   235
Block: Buckler           |    35 |    26 |    82 ||   143

Table legend: (Time is in decaauts)
 A = Elapsed time spent in this place.
 B = Non-inter-level travel time spent in this place.
 C = Inter-level travel time spent in this place.
 D = Time resting spent in this place.
 E = Time spent auto-exploring this place.
 F = Levels seen in this place.
 G = Mean time per level.
                   A        B        C        D        E       F      G
               +--------+--------+--------+--------+--------+-----+--------+
         Total |   7066 |   6932 |    134 |    779 |   4657 |   7 | 1009.4 |
       Dungeon |   7066 |   6932 |    134 |    779 |   4657 |   7 | 1009.4 |
               +--------+--------+--------+--------+--------+-----+--------+

Top non-repeatable levels by time:
     D:6: 1906 daAuts
     D:1: 1135 daAuts
     D:5: 1057 daAuts
     D:2: 1044 daAuts
     D:3: 968 daAuts
     D:4: 826 daAuts
     D:7: 128 daAuts
